 Dungeon Crawl Stone Soup version 0.20-b1-24-gb21faa7 (webtiles) character file.

4249 MydosGodOfBeginnings the Basher (level 10, 0/70 HPs)
             Began as a Demonspawn Chaos Knight on May 25, 2017.
             Slain by a two-headed ogre
             ... wielding a +0 giant spiked club
              (9 damage)
             ... on level 9 of the Dungeon.
             The game lasted 00:25:04 (9378 turns).

MydosGodOfBeginnings the Basher (DsCK)              Turns: 9378, Time: 00:25:05

Health: 0/70       AC: 13    Str: 12    XL:     10   Next: 9%
Magic:  0/11       EV:  9    Int: 18    God:    Xom [.*....]
Gold:   272        SH:  0    Dex: 18    Spells: 6/9 levels left

rFire    + . .     SeeInvis .   a - +0 mace (chaos)
rCold    + . .     Gourm    .   (no shield)
rNeg     . . .     Faith    .   l - +1 scale mail "Deuhur" {-Tele Dex+4 Slay+5}
rPois    .         Spirit   +   (helmet unavailable)
rElec    +         Reflect  .   H - +0 cloak
rCorr    .         Harm     .   (no gloves)
MR       .....     Clarity  +   (no boots) Stlth +++.......NoTele +
                                D - amulet of rage
Regen    0.3/turn               Q - ring "Wib Foeq" {-Tele rElec Int+4 Slay+5 Stlth+}
MPRegen  0.3/turn               N - ring of wizardry

@: very slightly contaminated
A: horns 3, icy blue scales 2, clarity, cold resistance 1, dopey 1, fire
resistance 1, high mp 1, mutation resistance 2, nightstalker 2, magic shield,
magic regeneration, subdued magic 1
a: Renounce Religion, Evoke Berserk Rage


You were on level 9 of the Dungeon.
You worshipped Xom.
You were a plaything of Xom.
You were hungry.

You visited 1 branch of the dungeon, and saw 9 of its levels.

You collected 519 gold pieces.
You spent 247 gold pieces at shops.

Inventory:

Hand Weapons
 a - a +0 mace of chaos (weapon)
Armour
 b - a +2 leather armour
 l - the +1 scale mail "Deuhur" (worn) {-Tele Dex+4 Slay+5}
   (Xom gifted it to you on level 2 of the Dungeon)

   It affects your dexterity (+4).
   It affects your accuracy and damage with ranged weapons and melee attacks
   (+5).
   It prevents most forms of teleportation.
 x - a cursed +0 leather armour
 z - a +2 buckler
 G - the +5 ring mail of the First Snow {Str+7}
   (You found it on level 7 of the Dungeon)

   It affects your strength (+7).
 H - a +0 cloak (worn)
Jewellery
 q - an uncursed ring of resist corrosion
 D - an amulet of rage (around neck)
 N - a ring of wizardry (right hand)
 Q - the ring "Wib Foeq" (left hand) {-Tele rElec Int+4 Slay+5 Stlth+}
   (You found it on level 9 of the Dungeon)

   [ring of stealth]

   It affects your intelligence (+4).
   It affects your accuracy and damage with ranged weapons and melee attacks
   (+5).
   It insulates you from electricity.
   It prevents most forms of teleportation.
   It makes you more stealthy.
Wands
 F - a wand of clouds (4/9)
 K - a wand of digging (12/24)
 M - a wand of random effects (15/48)
Scrolls
 d - 4 scrolls of amnesia
 e - a scroll of enchant weapon {unknown}
 g - 5 scrolls of identify
 h - 6 scrolls of remove curse
 p - a scroll of enchant armour {unknown}
 s - 2 scrolls of fear
 u - a scroll of random uselessness
 y - 2 scrolls of immolation {unknown}
 A - 2 scrolls of fog {unknown}
 B - 2 scrolls of teleportation
 E - 2 scrolls of holy word {unknown}
 I - a scroll of recharging {unknown}
 J - a scroll of acquirement {unknown}
Potions
 i - 2 potions of heal wounds
 j - a potion of ambrosia {unknown}
 m - a potion of resistance {unknown}
 n - a potion of flight {unknown}
 o - 2 potions of mutation {unknown}
 r - 4 potions of agility {unknown}
 t - 3 potions of curing {unknown}
 v - a potion of brilliance {unknown}
 w - a potion of might
 O - a potion of haste {unknown}
 P - a potion of degeneration {unknown}
Books
 C - a book of Misfortune

   Spells                             Type                      Level
   a - Confusing Touch                Hexes                        1
   b - Confuse                        Hexes                        3
   c - Gell's Gravitas                Translocation                3
   d - Petrify                        Transmutation/Earth          4
   e - Metabolic Englaciation         Hexes/Ice                    5
   f - Yara's Violent Unravelling     Hexes/Transmutation          5
 L - a book of Frost

   Spells                             Type                      Level
   a - Freeze                         Ice                          1
   b - Throw Frost                    Conjuration/Ice              2
   c - Ozocubu's Armour               Charms/Ice                   3
   d - Throw Icicle                   Conjuration/Ice              4
   e - Summon Ice Beast               Ice/Summoning                4
Comestibles
 c - 3 bread rations
 f - 12 royal jellies
 k - 6 meat rations
 R - 3 fruits


   Skills:
 - Level 3.0 Fighting
 + Level 11.8 Maces & Flails
 - Level 6.8 Armour
 - Level 0.8 Dodging


You had 6 spell levels left.
You knew the following spells:

 Your Spells              Type           Power        Failure   Level  Hunger
a - Confuse               Hex            #.......     65%         3    ####...


Dungeon Overview and Level Annotations

Branches:
Dungeon (9/15)             Temple (0/1) D:4
   Lair: D:8-11         Orc: D:9-12

Altars:
Cheibriados
Okawaru
Sif Muna
Trog
Xom
The Shining One

Shops:
D:7 [

Annotations:
D:4 MydosGodOfBeginnings's ghost, amateur DsCK


Innate Abilities, Weirdness & Mutations

You have a pair of large horns on your head.
You are mostly covered in icy blue scales. (AC +3)
You are significantly more attuned to the shadows.
When hurt, damage is shared between your health and your magic reserves.
You regenerate magic rapidly.
You possess an exceptional clarity of mind.
Your flesh is cold resistant. (rC+)
You are dopey. (Int -2)
Your flesh is heat resistant. (rF+)
You have an increased reservoir of magic. (+10% MP)
You are somewhat resistant to both further mutation and mutation removal.
Your spells are a little easier to cast, but a little less powerful.


Message History

You hit the two-headed ogre. You freeze the two-headed ogre.
The two-headed ogre is heavily wounded.
The two-headed ogre closely misses you.
The two-headed ogre hits you with a giant club!
A worker ant comes into view.
You thump the two-headed ogre!
The two-headed ogre is heavily wounded.
The two-headed ogre barely misses you.
The two-headed ogre hits you with a giant club!!
* * * LOW HITPOINT WARNING * * *
Something shouts, "Flee, thou churlish hasty-witted scut!"
You sock the two-headed ogre!
The two-headed ogre is severely wounded.
You hit the two-headed ogre.
The two-headed ogre is poisoned.
The two-headed ogre is severely wounded.
The two-headed ogre hits you with a giant spiked club!
* * * LOW HITPOINT WARNING * * *
The two-headed ogre hits you with a giant club!
You die...
Xom thinks this is hilarious!

##.#.##.#..........#
##.#.##...)†.......#
##.#.####..........+
##.#.>.............###
...#..................
<.....#..######.......
......#..# ##......
...##.#..# #......
.....###### #@O....
.....##.#.######......
.......#.#.#..##.a>..<
.....##.#.#'..##.#'###
..#..#.#.#.#####....
..#.######## ####.#
..#.# .<..# #####


You could see a two-headed ogre (berserk) and a worker ant.

Vanquished Creatures
  2 hornets (D:9)
  Sigmund (D:4)
  3 yaks (D:7)
  Eustachio (D:4)
  A hungry ghost (D:7)
  Menkaure (D:4)
  Duvessa (D:5)
  A soldier ant (D:9)
  4 ice beasts
  4 slaves (D:6)
  An ogre (shapeshifter) (D:7)
  A necrophage (D:6)
  2 ogres
  A phantom (D:7)
  A centaur (D:6)
  3 bullfrogs
  Dowan (D:5)
  A scorpion (D:6)
  4 wights (D:8)
  A howler monkey (D:5)
  6 crimson imps
  A centaur zombie (D:7)
  A bullfrog zombie (D:6)
  2 orc priests (D:5)
  2 jellies
  3 hounds
  2 orc wizards (D:5)
  4 iguanas
  A worker ant (D:7)
  3 hound skeletons
  A worker ant zombie (D:5)
  9 gnolls
  A howler monkey skeleton (D:5)
  9 adders
  5 shadow imps
  2 oozes (D:1)
  4 worms
  3 dart slugs
  3 leopard geckos
  9 orcs
  7 bats
  9 giant cockroaches
  10 goblins
  5 hobgoblins (D:1)
  A jackal (D:3)
  5 quokkas
  2 ball pythons
  9 frilled lizards
  A jackal skeleton (D:5)
  A jackal zombie (D:7)
  18 kobolds
  A quokka zombie (D:5)
  8 rats
183 creatures vanquished.

Vanquished Creatures (collateral kills)
  A hound (D:5)
  An orc priest (D:5)
  An orc wizard (D:5)
  2 gnolls (D:4)
  An orc (D:5)
6 creatures vanquished.

Vanquished Creatures (others)
  A raiju (D:6)
  A black bear (D:6)
  A bullfrog (D:7)
3 creatures vanquished.

Grand Total: 192 creatures vanquished

Notes
Turn   | Place    | Note
-------+----------+-------------------------------------------
     0 | D:1      | MydosGodOfBeginnings the Demonspawn Chaos Knight began the quest for the Orb.
     0 | D:1      | Reached XP level 1. HP: 18/18 MP: 1/1
    25 | D:1      | Reached skill level 3 in Maces & Flails
    58 | D:1      | Gained mutation: You are partially covered in icy blue scales. (AC +2) [demonic ancestry]
    58 | D:1      | Reached XP level 2. HP: 23/24 MP: 2/2
   131 | D:1      | XOM: harmless Chrm miscast
   319 | D:1      | Gained mutation: You have a pair of small horns on your head. [demonic ancestry]
   319 | D:1      | Reached XP level 3. HP: 29/29 MP: 3/3
   374 | D:1      | Reached skill level 4 in Maces & Flails
  1032 | D:2      | XOM: god gift: dazzling scale mail {god gift}
  1038 | D:2      | Got a dazzling scale mail {god gift}
  1049 | D:2      | Identified the +1 scale mail "Deuhur" {-Tele Dex+4 Slay+5} (Xom gifted it to you on level 2 of the Dungeon)
  1054 | D:2      | Gained mutation: You have a pair of horns on your head. [demonic ancestry]
  1054 | D:2      | Reached XP level 4. HP: 35/35 MP: 4/4
  1601 | D:2      | XOM: medium Summ miscast
  1602 | D:2      | Noticed a small abomination
  1607 | D:2      | XOM: butterfly on damage
  1988 | D:3      | XOM: medium Fire miscast
  2216 | D:3      | XOM: silly message
  2320 | D:3      | Reached skill level 5 in Maces & Flails
  2489 | D:3      | Gained mutation: When hurt, damage is shared between your health and your magic reserves. [demonic ancestry]
  2489 | D:3      | Reached XP level 5. HP: 41/41 MP: 5/5
  2529 | D:3      | XOM: harmless Chrm miscast
  2742 | D:4      | Noticed MydosGodOfBeginnings's ghost (amateur DsCK)
  2749 | D:4      | XOM: fake destruction
  2758 | D:4      | XOM: destruction
  2817 | D:3      | XOM: give mutations
  2817 | D:3      | Gained mutation: You are somewhat resistant to further mutation. [Xom's mischief]
  2817 | D:3      | Gained mutation: Armour fits poorly on your strangely shaped body. [Xom's mischief]
  2817 | D:3      | Gained mutation: You are dopey. (Int -2) [Xom's mischief]
  2817 | D:3      | Lost mutation: You are dopey. (Int -2) [Xom's mischief]
  2917 | D:4      | XOM: medium Air miscast
  2938 | D:3      | XOM: mild Chrm miscast
  3083 | D:3      | XOM: god gift: 12 arrows
  3390 | D:4      | Noticed Eustachio
  3399 | D:4      | XOM: smoke on damage
  3406 | D:4      | XOM: enchant monster (bad)
  3407 | D:4      | Killed Eustachio
  3407 | D:4      | Gained mutation: You regenerate magic rapidly. [demonic ancestry]
  3407 | D:4      | Reached XP level 6. HP: 28/47 MP: 4/6
  3549 | D:4      | XOM: give mutations
  3549 | D:4      | Gained mutation: You are somewhat resistant to both further mutation and mutation removal. [Xom's grace]
  3549 | D:4      | Gained mutation: You possess an exceptional clarity of mind. [Xom's grace]
  3549 | D:4      | Gained mutation: You are robust. (+10% HP) [Xom's grace]
  3589 | D:4      | Reached skill level 6 in Maces & Flails
  4393 | D:4      | Noticed Sigmund
  4400 | D:4      | Killed Sigmund
  4517 | D:3      | XOM: give mutations
  4517 | D:3      | Lost mutation: Armour fits poorly on your strangely shaped body. [Xom's mischief]
  4517 | D:3      | Gained mutation: Your body sometimes deteriorates upon taking damage. [Xom's mischief]
  4517 | D:3      | Lost mutation: You possess an exceptional clarity of mind. [Xom's mischief]
  4517 | D:3      | Lost mutation: You are robust. (+10% HP) [Xom's mischief]
  4572 | D:4      | Found a deep blue altar of Sif Muna.
  4750 | D:4      | Found a staircase to the Ecumenical Temple.
  4785 | D:4      | Noticed Menkaure
  4789 | D:4      | XOM: smoke on damage
  4790 | D:4      | XOM: divination: detect items
  4792 | D:4      | Killed Menkaure
  4792 | D:4      | Gained mutation: You are slightly more attuned to the shadows. [demonic ancestry]
  4792 | D:4      | Reached XP level 7. HP: 18/52 MP: 3/7
  4996 | D:4      | XOM: mild Fire miscast
  5101 | D:5      | Entered Level 5 of the Dungeon
  5101 | D:5      | Noticed Duvessa
  5101 | D:5      | Noticed Dowan
  5120 | D:5      | XOM: cast spell 'Cause Fear'
  5131 | D:5      | Killed Duvessa
  5138 | D:5      | Killed Dowan
  5138 | D:5      | Reached skill level 7 in Maces & Flails
  5532 | D:5      | Reached skill level 5 in Armour
  5696 | D:5      | Reached XP level 8. HP: 49/58 MP: 5/8
  5728 | D:5      | XOM: summons 3 friendly demons
  5795 | D:5      | XOM: divination: detect items
  5841 | D:5      | XOM: god gift: 35 gold pieces
  5936 | D:5      | XOM: harmless Ice miscast
  6165 | D:5      | XOM: harmless Fire miscast
  6196 | D:5      | XOM: give mutations
  6196 | D:5      | Gained mutation: Your flesh is heat resistant. (rF+) [Xom's grace]
  6196 | D:5      | Gained mutation: You possess an exceptional clarity of mind. [Xom's grace]
  6196 | D:5      | Gained mutation: You are almost entirely resistant to further mutation and mutation removal. [Xom's grace]
  6332 | D:5      | XOM: give mutations
  6332 | D:5      | Gained mutation: You have supernaturally acute eyesight. (SInv) [Xom's grace]
  6332 | D:5      | Gained mutation: You have an increased reservoir of magic. (+10% MP) [Xom's grace]
  6367 | D:5      | XOM: medium Fire miscast
  6400 | D:5      | Learned a level 3 spell: Confuse
  6467 | D:6      | XOM: harmless Tmut miscast
  6471 | D:6      | Reached skill level 8 in Maces & Flails
  6592 | D:6      | XOM: divination: magic mapping
  6673 | D:6      | Found a snail-covered altar of Cheibriados.
  6674 | D:6      | Found a glowing golden altar of the Shining One.
  6674 | D:6      | Found an iron altar of Okawaru.
  6675 | D:6      | Found a bloodstained altar of Trog.
  6676 | D:6      | Noticed Pikel
  6686 | D:6      | Noticed Pikel
  6686 | D:6      | Pikel changed into Pikel the raiju
  6689 | D:6      | XOM: cast spell 'Olgreb's Toxic Radiance'
  6690 | D:6      | Killed Pikel the raiju
  6690 | D:6      | XOM: destruction
  6771 | D:6      | XOM: scenery: create altars
  6904 | D:6      | Reached skill level 9 in Maces & Flails
  6904 | D:6      | Gained mutation: You are mostly covered in icy blue scales. (AC +3) [demonic ancestry]
  6904 | D:6      | Reached XP level 9. HP: 63/63 MP: 9/9
  6948 | D:7      | Got a brightly glowing ring mail
  6959 | D:7      | Identified the +5 ring mail of the First Snow {Str+7} (You found it on level 7 of the Dungeon)
  6988 | D:7      | XOM: polymorph sky beast -> ogre
  7078 | D:7      | XOM: 2-stop teleportation journey
  7245 | D:7      | XOM: enchant monster (bad)
  7252 | D:7      | XOM: polymorph big kobold -> centaur
  7259 | D:7      | XOM: enchant monster (bad)
  7321 | D:7      | XOM: stat loss: -1 Int (15/16)
  7328 | D:7      | Reached skill level 10 in Maces & Flails
  7329 | D:7      | XOM: summons 2 friendly demons
  7395 | D:7      | XOM: give mutations
  7395 | D:7      | Lost mutation: You have supernaturally acute eyesight. (SInv) [Xom's mischief]
  7395 | D:7      | Gained mutation: Your flesh is cold resistant. (rC+) [Xom's mischief]
  7395 | D:7      | Lost mutation: Your body sometimes deteriorates upon taking damage. [Xom's mischief]
  7395 | D:7      | Gained mutation: Your spells are a little easier to cast, but a little less powerful. [Xom's mischief]
  7502 | D:7      | XOM: mild Chrm miscast
  7782 | D:7      | Found Hippem's Armour Shop.
  7787 | D:7      | XOM: summons 3 hostile shadow creatures
  7813 | D:7      | XOM: butterfly on damage
  7906 | D:7      | XOM: silly message
  7963 | D:7      | Bought a +2 buckler for 247 gold pieces
  8015 | D:7      | XOM: harmless Fire miscast
  8087 | D:8      | XOM: give mutations
  8087 | D:8      | Lost mutation: You are almost entirely resistant to further mutation and mutation removal. [Xom's mischief]
  8087 | D:8      | Gained mutation: You are dopey. (Int -2) [Xom's mischief]
  8087 | D:8      | Gained mutation: You have a pair of large horns on your head. [Xom's mischief]
  8089 | D:8      | Reached skill level 11 in Maces & Flails
  8147 | D:8      | XOM: harmless Hex miscast
  8635 | D:8      | XOM: harmless Conj miscast
  8689 | D:8      | XOM: noise
  8734 | D:8      | XOM: harmless Hex miscast
  8761 | D:8      | XOM: summons 4 hostile shadow creatures
  8953 | D:9      | Got a shimmering bone ring
  8955 | D:9      | Identified the ring "Wib Foeq" {-Tele rElec Int+4 Slay+5 Stlth+} (You found it on level 9 of the Dungeon)
  9012 | D:9      | Gained mutation: You are significantly more attuned to the shadows. [demonic ancestry]
  9012 | D:9      | Reached XP level 10. HP: 56/70 MP: 9/11
  9035 | D:9      | XOM: smoke on damage
  9276 | D:9      | XOM: mild Erth miscast
  9369 | D:9      | Noticed a two-headed ogre
  9378 | D:9      | Slain by a two-headed ogre

Skill      XL: |  1  2  3  4  5  6  7  8  9 |
---------------+----------------------------+-----
Maces & Flails | 3 4 5 6 7 9 11 | 11.8
Armour         | 2 3 4 5 6 |  6.8
Fighting       | |  3.0
Dodging        | |  0.8

Action                   |  1- 3 |  4- 6 |  7- 9 | 10-12 || total
-------------------------+-------+-------+-------+-------++-------
Melee: Mace              |   102 |   133 |   387 |    22 ||   644
       Headbutt          |     5 |    25 |    77 |     4 ||   111
  Use: Scroll            |       |     8 |     1 |       ||     9
       Potion            |       |       |       |     1 ||     1
 Stab: Sleeping          |     1 |       |     6 |     1 ||     8
       Distracted        |       |     1 |     1 |       ||     2
       Fleeing           |       |       |     1 |       ||     1
  Eat: Chunk             |       |    11 |     5 |     1 ||    17
       Bread ration      |       |       |     4 |       ||     4
       Royal jelly       |       |       |     1 |       ||     1
Armor: Leather armour    |    31 |       |       |       ||    31
       Scale mail        |       |    60 |    70 |     8 ||   138
       Ring mail         |       |       |   110 |       ||   110
Dodge: Dodged            |    64 |    65 |   189 |     8 ||   326
